 Dungeon Crawl Stone Soup version 0.27-a0-1105-g946c659c87 (webtiles) character file.

Game seed: 3226063995379419099

22 1player the Skirmisher (level 2, 32/32 HPs)
             Began as an Ogre Brigand on Apr 30, 2021.
             Was a Follower of Vehumet.
             Quit the game on level 2 of the Dungeon.
             The game lasted 00:02:32 (1682 turns).

1player the Skirmisher (Ogre Brigand)               Turns: 1682, Time: 00:02:33

Health: 32/32      AC:  4    Str: 14    XL:     2   Next: 91%
Magic:  2/2        EV: 13    Int: 12    God:    Vehumet [*.....]
Gold:   71         SH:  0    Dex: 10    Spells: 1/1 levels left

rFire    . . .     SeeInvis .   a - +2 dagger
rCold    . . .     Faith    .   (no shield)
rNeg     . . .     Spirit   .   b - +0 robe
rPois    .         Reflect  .   (helmet restricted)
rElec    .         Harm     .   c - +0 cloak
rCorr    .         Rampage  .   (gloves unavailable)
Will     .....                  (boots unavailable)
Stlth    ++........             (no amulet)
HPRegen  0.10/turn              k - +4 ring of evasion
MPRegen  0.08/turn              (no ring)

@: no status effects
A: large, unfitting armour, tough skin 1
a: Renounce Religion


You were on level 2 of the Dungeon.
You worshipped Vehumet.
Vehumet was aware of your devotion.
You visited 1 branch of the dungeon, and saw 2 of its levels.

You collected 71 gold pieces.

Inventory:

Hand Weapons
 a - a +2 dagger (weapon)
Missiles
 d - 4 poisoned darts (quivered)
 e - 2 curare-tipped darts
 g - 8 boomerangs
Armour
 b - a +0 robe (worn)
 c - a +0 cloak (worn)
Magical Staves
 h - a staff of conjuration
Jewellery
 k - a +4 ring of evasion (left hand)
Scrolls
 f - a scroll of amnesia {unknown}
 i - a scroll of identify {unknown}
Potions
 j - a potion of heal wounds {unknown}


   Skills:
 + Level 3.6 Fighting
 - Level 1.7 Short Blades
 + Level 2.7 Throwing
 + Level 0.8 Dodging
 - Level 2.9 Stealth


You had one spell level left.
You didn't know any spells.
Your spell library contained the following spells:

 Spells                   Type           Power      Damage    Failure   Level
 Sandblast                Erth           0%         2d4       32%         1
 Animate Skeleton         Necr           0%         N/A       32%         1
 Apportation              Tloc           0%         N/A       32%         1
 Corona                   Hex            0%         N/A       32%         1
 Summon Small Mammal      Summ           0%         N/A       32%         1


Dungeon Overview and Level Annotations

Branches:
Dungeon (2/15)

Altars:
Vehumet

Annotations:
D:2 Robin


Innate Abilities, Weirdness & Mutations

You are too large for most types of armour.
You have tough skin. (AC +1)


Message History

The dart slug is heavily wounded.
You hit the dart slug.
The dart slug is severely wounded.
The dart slug launches a dart at you. The slug dart hits you.
You hit the dart slug.
The dart slug is almost dead.
The dart slug launches a dart at you. The slug dart hits you!
You hit the dart slug.
You kill the dart slug!
You hit the hobgoblin.
The hobgoblin is moderately wounded.
The hobgoblin hits you but does no damage.
You hit the hobgoblin.
The hobgoblin is heavily wounded.
The hobgoblin barely misses you.
You hit the hobgoblin.
You kill the hobgoblin!
No target in view!
You start resting.
HP restored.
You climb downwards.
Level annotation: Robin
There is a stone staircase leading up here.
k - a +4 ring of evasion
k - a +4 ring of evasion (left hand)
You now have 71 gold pieces (gained 6).
A goblin is nearby!
There is a faded altar of an unknown god here.
You cannot tell which god this altar belongs to.
Convert to them anyway?
Okay, then.
You cannot tell which god this altar belongs to.
Convert to them anyway?
Vehumet accepts your prayer! Vehumet welcomes you!
You can now gain magical power from killing.
Vehumet offers you knowledge of Sandblast.
Okay, then.
Unknown command.
Are you sure you want to abandon this character and quit the game? (Confirm with "yes".)

..................
### #..
......#.......# ..#
###.. ##.####.##.####
#.# #.g.. ...#
#.##..# #.#####g###
.### #.###.#
#.#....g# # . #.# #.#
#...##### ..# #.#####
##..## .##
#.....######...# .
#####.@.##...#....gg.
.. ###.._.####.gg.g.
######...### g...gg
#..........# ......
#..########.# ......
#..#...... ##... ....
.... .#.#..


There were no monsters in sight!

Vanquished Creatures
  2 dart slugs (D:1)
  4 endoplasms
  2 giant cockroaches (D:1)
  2 hobgoblins (D:1)
  A ball python (D:1)
  2 bats (D:1)
  2 goblins (D:1)
  3 kobolds (D:1)
18 creatures vanquished.

Notes
Turn   | Place    | Note
-------+----------+-------------------------------------------
     0 | D:1      | 1player the Ogre Brigand began the quest for the Orb.
     0 | D:1      | Reached XP level 1. HP: 22/22 MP: 1/1
   451 | D:1      | Reached skill level 3 in Fighting
   473 | D:1      | Reached XP level 2. HP: 31/31 MP: 2/2
  1397 | D:2      | Found a faded altar of an unknown god.
  1410 | D:2      | Noticed Robin
  1678 | D:2      | Became a worshipper of Vehumet
  1678 | D:2      | Reached * piety under Vehumet
  1678 | D:2      | Offered knowledge of Sandblast by Vehumet.
  1682 | D:2      | Quit the game

Illustrated notes

Levels and vault maps discovered:
D:1:      evilmike_arrival_fibonacci_small, layout_basic,
          chequers_serial_rivers_small_a
D:2:      layout_rooms, basic_ecumenical_altar, uniq_robin

Skill      XL: |  1 |
---------------+----+-----
Fighting       | 3 |  3.6
Short Blades   | |  1.7
Throwing       | |  2.7
Dodging        | |  0.8
Stealth        | |  2.9

Action                   || total
-------------------------++-------
Melee: Dagger            ||    75
Throw: Dart              ||    20
 Stab: Sleeping          ||     2
Armor: Robe              ||    23
Dodge: Dodged            ||    28

Table legend: (Time is in decaauts)
 A = Elapsed time spent in this place.
 B = Non-inter-level travel time spent in this place.
 C = Inter-level travel time spent in this place.
 D = Time resting spent in this place.
 E = Time spent auto-exploring this place.
 F = Levels seen in this place.
 G = Mean time per level.
                   A        B        C        D        E       F      G
               +--------+--------+--------+--------+--------+-----+--------+
         Total |   1677 |   1616 |     61 |    491 |    886 |   2 |  838.5 |
       Dungeon |   1677 |   1616 |     61 |    491 |    886 |   2 |  838.5 |
               +--------+--------+--------+--------+--------+-----+--------+

Top non-repeatable levels by time:
     D:1: 1586 daAuts
     D:2: 91 daAuts
